 Dungeon Crawl Stone Soup version 0.20.1-1-g8b1a95d (webtiles) character file.

217 Tr0llz0r the Skirmisher (level 5, -21/42 HPs)
             Began as a Demonspawn Abyssal Knight on Oct 31, 2017.
             Was a Believer of Lugonu.
             Demolished by an ogre
             ... wielding a +0 giant club
              (25 damage)
             ... on level 4 of the Dungeon.
             The game lasted 00:11:36 (2752 turns).

Tr0llz0r the Skirmisher (Demonspawn Abyssal Knight) Turns: 2752, Time: 00:11:37

Health: -21/42     AC: 11    Str: 13    XL:     5   Next: 61%
Magic:  6/6        EV: 13    Int: 13    God:    Lugonu [**....]
Gold:   69         SH:  0    Dex: 13    Spells: 4/4 levels left

rFire    . . .     SeeInvis .   p - +1 war axe (chop)
rCold    + . .     Gourm    .   (no shield)
rNeg     . . .     Faith    .   e - +0 chain mail
rPois    .         Spirit   .   (no helmet)
rElec    .         Reflect  .   (no cloak)
rCorr    .         Harm     .   i - +1 pair of gloves
MR       .....                  (no boots)
Stlth    ..........             b - amulet of magic regeneration
Regen    0.2/turn               k - +5 ring of evasion
MPRegen  0.2/turn               r - ring of stealth

@: no status effects
A: repulsion field 1, cold resistance 1, rot immunity
a: Depart the Abyss, Bend Space, Renounce Religion


You were on level 4 of the Dungeon.
You worshipped Lugonu.
Lugonu was pleased with you.
You were not hungry.

You visited 1 branch of the dungeon, and saw 4 of its levels.
You visited the Abyss 1 time.

You collected 186 gold pieces.
You spent 117 gold pieces at shops.

Inventory:

Hand Weapons
 a - a +1 falchion
 p - a +1 war axe of chopping (weapon)
Armour
 e - a +0 chain mail (worn)
 i - a +1 pair of gloves (worn)
Jewellery
 b - an amulet of magic regeneration (around neck)
 f - an uncursed amulet of the gourmand
 k - a +5 ring of evasion (left hand)
 r - a ring of stealth (right hand)
Scrolls
 d - a scroll of fog
 m - a scroll of magic mapping
 n - a scroll of identify {unknown}
 q - a scroll of recharging
 t - a scroll of teleportation
Potions
 g - a potion of curing
 l - a potion of cancellation
 o - 2 potions of lignification {unknown}
Books
 s - a book of Maledictions

   Spells                             Type                      Level
   a - Corona                         Hexes                        1
   b - Ensorcelled Hibernation        Hexes/Ice                    2
   c - Confuse                        Hexes                        3
   d - Tukima's Dance                 Hexes                        3
   e - Dazzling Spray                 Conjuration/Hexes            3
Comestibles
 c - a bread ration
 h - 4 meat rations
 j - 5 royal jellies


   Skills:
 + Level 4.0 Fighting
 + Level 3.6 Long Blades
 + Level 1.1 Axes
 + Level 2.7 Armour
 + Level 1.3 Dodging
 + Level 0.8 Stealth
 + Level 2.5 Invocations


You had 4 spell levels left.
You didn't know any spells.

Dungeon Overview and Level Annotations

Branches:
Dungeon (4/15)
 Temple: D:4-7

Altars:

Shops:
D:4 (


Innate Abilities, Weirdness & Mutations

You are surrounded by a mild repulsion field. (EV +2)
Your flesh is cold resistant. (rC+)
You are immune to rotting.


Message History

You hit the ogre but do no damage. The adder bites you.
The ogre closely misses you. The adder misses you.
You slash the adder!
You kill the adder!
Lugonu accepts your kill.
You closely miss the ogre. The ogre hits you with a giant club.
The ogre closely misses you.
You see here an adder corpse.
You hit the ogre.
The ogre is moderately wounded.
The ogre hits you with a giant club!
You hit the ogre.
The ogre is heavily wounded.
The ogre hits you with a giant club!
* * * LOW HITPOINT WARNING * * *
You barely miss the ogre.
The ogre is heavily wounded.
The ogre hits you with a giant club!!
Ouch! That really hurt!
You die...

#### ########## ..#
#........# .## #.#
#.######.#
..[..##O###.####
#.# #.....@.......#
#.#
#.....)###.##.###.#
........#
#.#...##.#
##.#.####
#...#..).# .. #.
###...#### # #
###.# #.# #.# ##.#


You could see an ogre.

Vanquished Creatures
  An ogre (D:4)
  A worker ant (D:4)
  3 adders
  4 worms
  3 dart slugs
  A leopard gecko (D:2)
  5 giant cockroaches
  15 goblins
  6 hobgoblins
  2 jackals (D:3)
  6 kobolds
  A ball python (D:4)
  7 bats
  3 frilled lizards
  8 rats
  4 plants (D:1)
70 creatures vanquished.

Notes
Turn   | Place    | Note
-------+----------+-------------------------------------------
     0 | Abyss:1  | Tr0llz0r the Demonspawn Abyssal Knight began the quest for the Orb.
     0 | Abyss:1  | Reached XP level 1. HP: 18/18 MP: 2/2
    41 | D:1      | Escaped the Abyss
   560 | D:1      | Gained mutation: You are immune to rotting. [demonic ancestry]
   560 | D:1      | Reached XP level 2. HP: 19/24 MP: 3/3
   583 | D:1      | Reached skill level 1 in Dodging
   914 | D:1      | Reached ** piety under Lugonu
  1094 | D:2      | Gained mutation: Your flesh is cold resistant. (rC+) [demonic ancestry]
  1094 | D:2      | Reached XP level 3. HP: 19/30 MP: 4/4
  1542 | D:2      | Gained mutation: You are surrounded by a mild repulsion field. (EV +2) [demonic ancestry]
  1542 | D:2      | Reached XP level 4. HP: 36/37 MP: 5/5
  2355 | D:4      | Found Ricocs Ciqu's Antique Weapon Boutique.
  2363 | D:4      | Bought a glowing war axe for 117 gold pieces
  2740 | D:4      | Noticed an ogre
  2743 | D:4      | Noticed an ogre
  2743 | D:4      | Killed an ogre
  2743 | D:4      | Reached skill level 4 in Fighting
  2743 | D:4      | Reached skill level 1 in Axes
  2743 | D:4      | Reached XP level 5. HP: 42/42 MP: 6/6
  2752 | D:4      | Demolished by an ogre

Skill      XL: |  1  2  3  4 |
---------------+-------------+-----
Dodging        | 1 |  1.3
Armour         | 2 |  2.7
Long Blades    | 2 3 |  3.6
Fighting       | 4 |  4.0
Axes           | 1 |  1.1
Stealth        | |  0.8
Invocations    | |  2.5

Action                   |  1- 3 |  4- 6 || total
-------------------------+-------+-------++-------
Melee: Falchion          |   408 |    45 ||   453
       War axe           |       |    26 ||    26
  Use: Scroll            |     3 |     2 ||     5
       Potion            |     3 |     1 ||     4
 Stab: Invisible         |     6 |       ||     6
  Eat: Bread ration      |     1 |     1 ||     2
Armor: Chain mail        |   173 |    35 ||   208
Dodge: Dodged            |    63 |    71 ||   134
       Rpst.: Falchion   |    25 |    18 ||    43
